 Dungeon Crawl Stone Soup version 0.16-a0-3606-g1520cdc (webtiles) character file.

156 PolkaDot the Ruffian (level 5, -4/46 HPs)
             Began as a Draconian Monk on Jan 13, 2015.
             Killed from afar by Sigmund (6 damage)
             ... with a magic dart
             ... on level 3 of the Dungeon.
             The game lasted 00:05:02 (2757 turns).

PolkaDot the Ruffian (Draconian Monk)               Turns: 2757, Time: 00:05:02

Health: -4/46      AC:  6    Str: 14      XL:     5   Next: 14%
Magic:  5/5        EV: 19    Int: 11 (13) God:
Gold:   145        SH:  0    Dex: 18      Spells: 0 memorised, 4 levels left

rFire  . . .     SeeInvis .       - Unarmed
rCold  . . .     Clarity  .     (armour unavailable)
rNeg   . . .     SustAb   .     (no shield)
rPois  .         Gourm    .     (helmet restricted)
rElec  .         Spirit   .     (no cloak)
rCorr  .         Warding  .     f - +0 pair of gloves
rMut   .         Stasis   .     (no boots)
MR     .....                    (no amulet)
Stlth  +++.......               (no ring)
                                (no ring)

@: agile, not resistant to hostile enchantments, fairly stealthy
A: unfitting armour, clever 1, cold-blooded, AC +5
a: no special abilities


You were on level 3 of the Dungeon.
You were not hungry.

You visited 1 branch of the dungeon, and saw 3 of its levels.

You collected 145 gold pieces.

Inventory:

Armour
 f - a +0 pair of gloves (worn)
Scrolls
 i - a scroll of remove curse
Comestibles
 b - a bread ration
 d - 2 meat rations
 h - a chunk of flesh


   Skills:
 + Level 4.1 Fighting
 + Level 3.4 Dodging
 - Level 1.7 Stealth
 * Level 5.5 Unarmed Combat


You had 4 spell levels left.
You didn't know any spells.

Dungeon Overview and Level Annotations

Branches:
Dungeon (3/15)

Altars:
Elyvilon
Gozag
Yredelemnul

Annotations:
D:3 Sigmund


Innate Abilities, Weirdness & Mutations

Your plain brown scales are hard (AC +5).
Your body does not fit into most forms of armour.
Your cold-blooded metabolism reacts poorly to cold.
Your mind is acute. (Int +2)


Message History

The creatures around you are filled with an inner flame!
It was a scroll of immolation.
You hear some strange, mumbled words.
The puff of flame hits you!
* * * LOW HITPOINT WARNING * * *
Read which item? (? for menu, Esc to quit)
As you read the scroll labeled TREMIHOGUX, it crumbles to dust.
It is a scroll of identify.
You don't have any unidentified items.
Something hits you!
* * * LOW HITPOINT WARNING * * *
Something hits you!
* * * LOW HITPOINT WARNING * * *
There is an open door here.
There is an open door here.
A giant cockroach comes into view.
You close the door.
Something unseen opens the door.
The magic dart hits you!
You die...

#. ... #. ... s.. . ... #'#
#'# ... ##.# #.## ..# #..
##..#####..##....# #..
##.......?...##...# #..
+...⌠..>..⌠..@....# #..
#........!..##.?+## #..
#{.#####..##.....## #..
#)#...#.##.......## ##..
#'#...#'#.........## ##.#.
#.................<####...#
##.......)....(....+.......
###...####.........# #....
#....## ##.......## ##..#


You could see a giant cockroach (sleeping).

Vanquished Creatures
  A wasp zombie (D:3)
  5 adders
  2 worms (D:2)
  2 giant geckos
  An ooze (D:1)
  3 ball pythons
  4 bats
  2 giant cockroaches
  10 goblins
  11 hobgoblins
  4 jackals (D:3)
  A quokka (D:2)
  3 giant newts
  7 kobolds
  6 rats
62 creatures vanquished.

Notes
Turn   | Place    | Note
--------------------------------------------------------------
     0 | D:1      | PolkaDot, the Draconian Monk, began the quest for the Orb.
     0 | D:1      | Reached XP level 1. HP: 19/19 MP: 1/1
   199 | D:1      | Reached XP level 2. HP: 26/26 MP: 2/2
  1338 | D:2      | Reached XP level 3. HP: 10/31 MP: 3/3
  1588 | D:2      | Found an opulent altar of Gozag.
  1888 | D:2      | Reached XP level 4. HP: 37/40 MP: 4/4
  1895 | D:2      | Found a white marble altar of Elyvilon.
  2067 | D:2      | Reached skill level 5 in Unarmed Combat
  2499 | D:3      | Found a basalt altar of Yredelemnul.
  2542 | D:3      | Reached XP level 5. HP: 31/46 MP: 5/5
  2726 | D:3      | Noticed Sigmund
  2740 | D:3      | Gained mutation: Your mind is acute. (Int +2) [potion of beneficial mutation]
  2746 | D:3      | HP: 1/46 [something (7)]
  2757 | D:3      | Killed from afar by Sigmund

Action                   |  1- 3 |  4- 6 || total
-------------------------+-------+-------++-------
Melee: Unarmed           |   124 |   112 ||   236
  Use: Scroll            |       |     4 ||     4
       Potion            |       |     3 ||     3
 Stab: Sleeping          |     1 |       ||     1
  Eat: Chunk             |     3 |     3 ||     6
